 Dungeon Crawl Stone Soup version 0.22.1-1-ga44c0e5 (webtiles) character file.

770 Garbasso the Sneak (level 7, 0/48 HPs)
             Began as an Octopode Wanderer on Oct 11, 2018.
             Was an Initiate of Dithmenos.
             Slain by a gnoll
             ... wielding a +0 spear
              (6 damage)
             ... on level 6 of the Dungeon.
             The game lasted 00:17:36 (6237 turns).

Garbasso the Sneak (Octopode Wanderer)              Turns: 6237, Time: 00:17:36

Health: 0/48       AC:  1    Str: 11    XL:     7   Next: 83%
Magic:  8/8        EV: 30    Int: 16    God:    Dithmenos [......]
Gold:   277        SH:  0    Dex: 12    Spells: 8/8 levels left

rFire    . . .     SeeInvis .   a - +2 short sword
rCold    . . .     Gourm    .   (no shield)
rNeg     . . .     Faith    .   (helmet restricted)
rPois    +         Spirit   .   j - amulet of the acrobat
rElec    .         Reflect  .   (no ring)
rCorr    .         Harm     .   n - ring of poison resistance
MR       .....                  (no ring)
Stlth    ++++......             (no ring)
HPRegen  0.16/turn              (no ring)
MPRegen  0.11/turn              (no ring)
                                (no ring)
                                (no ring)

@: no status effects
A: almost no armour, stealthy swim, amphibious, 8 rings, constrict 8, camouflage
1, gelatinous body 1
a: Renounce Religion


You were on level 6 of the Dungeon.
You worshipped Dithmenos.
Dithmenos was noncommittal.
You were hungry.

You visited 2 branches of the dungeon, and saw 7 of its levels.
You also visited: Sewer.

You collected 277 gold pieces.

Inventory:

Hand Weapons
 a - a +2 short sword (weapon)
 b - a +0 blowgun
Missiles
 q - 223 stones (quivered)
 r - 16 poisoned needles
 v - 2 needles of sleeping
Magical Staves
 w - an uncursed staff of power
Jewellery
 j - an amulet of the acrobat (around mantle)
 n - a ring of poison resistance (right tentacle)
Scrolls
 c - 9 scrolls of teleportation
 g - 2 scrolls of fear
 h - 3 scrolls of identify {unknown}
 i - a scroll of blinking
 u - 2 scrolls of enchant weapon {unknown}
 x - a scroll of remove curse
 y - a scroll of enchant armour
 A - 2 scrolls of immolation {unknown}
Potions
 d - 2 potions of might {unknown}
 e - 2 potions of lignification {unknown}
 k - a potion of haste {unknown}
 l - a potion of degeneration {unknown}
 m - a potion of berserk rage {unknown}
 o - 2 potions of flight {unknown}
 p - a potion of agility {unknown}
 s - a potion of curing {unknown}
 t - a potion of invisibility {unknown}
 z - a potion of brilliance {unknown}
Comestibles
 f - 10 rations


   Skills:
 + Level 4.2 Fighting
 + Level 3.7 Short Blades
 - Level 1.0 Throwing
 * Level 5.2 Dodging
 + Level 5.9 Stealth
 - Level 1.0 Spellcasting
   Level 2.0 Fire Magic


You had 8 spell levels left.
You didn't know any spells.
Your spell library contained the following spells:

 Spells                   Type           Power        Failure   Level  Hunger
 Sandblast                Erth           #.....       22%         1    ##.....
 Stone Arrow              Conj/Erth      #.....       56%         3    ####...


Dungeon Overview and Level Annotations

Branches:
Dungeon (6/15)             Temple (1/1) D:5

Altars:
Ashenzari
Cheibriados
Dithmenos
Elyvilon
Fedhas
Gozag
Hepliaklqana
Kikubaaqudgha
Okawaru
Qazlal
Ru
Sif Muna
Trog
Uskayaw
Vehumet
Wu Jian
Xom
Yredelemnul
Zin
The Shining One


Innate Abilities, Weirdness & Mutations

You cannot wear most types of armour.
You are very stealthy in the water. (Stealth+)
You are amphibious.
You can wear up to eight rings at the same time.
You can use your tentacles to constrict eight enemies at once.
Your skin changes colour to match your surroundings (Stealth+).
Your rubbery body absorbs attacks. (AC +1, EV +1)


Message History

The gnoll sergeant hits you from afar with a spear.
Firing (i - inventory. (/) - cycle)
v - 3 needles of sleeping (quivered)
Press: ? - help, Shift-Dir - straight line, f/p - gnoll sergeant
Aim: a gnoll sergeant, wielding a spear and wearing a ring mail You shoot a needle of sleeping.
The needle of sleeping hits the gnoll sergeant.
The gnoll closely misses you.
a - a +2 short sword (weapon)
The gnoll hits you from afar with a spear!
The gnoll sergeant shouts!
The gnoll completely misses you.
The gnoll sergeant hits you with a spear.
You hit the gnoll sergeant. You grab the gnoll sergeant.
The gnoll sergeant is lightly wounded.
You constrict the gnoll sergeant. The gnoll hits you with a spear!
* * * LOW HITPOINT WARNING * * *
You release your grip on the gnoll sergeant.
The gnoll sergeant completely misses you.
The gnoll hits you from afar with a spear.
You die...

#.###.###g##......# ###.# #.#
#..g.....#..#..... ..#.#
#.###.###........###)# #.#.#
#<..g.#######.....# # #.#.#
#......# ##...###.###.#.#
#.#.##.# ##.## #....<..# #.#.##.#
#.# #####.### #.#.##.### #.# #.#
### #.#......# ##@## #.###.##
#.####.#.# ##...## #....#.#
#......#.# ##ggg..## #####.##
#####.##.###g(g....## ##.##.#
#####.g.#.##.........# ##...#.###
........g..g.).......+...........
#####...#.##.........####...#.###
##.##.###.......## ##....# #
####.# ##.....## #..### #


You could see a gnoll sergeant and 5 gnolls.

Vanquished Creatures
  Purgy (Sewer)
  A big kobold (D:6)
  2 bullfrogs (D:6)
  A centaur zombie (D:2)
  2 jellies (D:6)
  2 hounds
  A centaur skeleton (D:4)
  Crazy Yiuf (D:3)
  An orc wizard (D:3)
  Jessica (D:4)
  An iguana (D:6)
  2 worker ants
  5 adders
  2 oozes (D:2)
  An adder zombie (D:6)
  A worm (D:3)
  A dart slug (D:1)
  2 leopard geckos
  6 orcs
  4 giant cockroaches
  4 hobgoblins
  3 jackals (D:1)
  A quokka (D:3)
  A ball python skeleton (D:4)
  A ball python zombie (D:3)
  5 bats
  A frilled lizard (D:3)
  5 goblins
  16 kobolds
  2 quokka skeletons (D:4)
  7 rats
84 creatures vanquished.

Notes
Turn   | Place    | Note
-------+----------+-------------------------------------------
     0 | D:1      | Garbasso the Octopode Wanderer began the quest for the Orb.
     0 | D:1      | Garbasso set off with: a +2 short sword, a scroll of
                  | teleportation, a +0 dagger, a ration
     0 | D:1      | Reached XP level 1. HP: 14/14 MP: 2/2
   377 | D:1      | Reached XP level 2. HP: 14/19 MP: 3/3
  1211 | D:2      | Reached XP level 3. HP: 25/25 MP: 4/4
  1353 | D:2      | HP: 1/25 [centaur zombie (1)]
  1356 | D:2      | Reached XP level 4. HP: 2/30 MP: 5/5
  2031 | D:3      | Found a glowing drain.
  2047 | Sewer    | Entered a sewer
  2119 | Sewer    | Noticed Purgy
  2148 | Sewer    | Killed Purgy
  2148 | Sewer    | Reached XP level 5. HP: 19/36 MP: 6/6
  2801 | D:3      | Reached XP level 6. HP: 5/42 MP: 7/7
  3348 | D:3      | Found a runed door.
  3352 | D:3      | Noticed Crazy Yiuf
  3358 | D:3      | Killed Crazy Yiuf
  4013 | D:4      | Noticed Jessica
  4137 | D:4      | Killed Jessica
  4137 | D:4      | Reached skill level 5 in Stealth
  4140 | D:4      | Found a deep blue altar of Sif Muna.
  4271 | D:4      | Noticed a phantom
  4578 | D:5      | Entered Level 5 of the Dungeon
  4578 | D:5      | Found a blossoming altar of Fedhas.
  4609 | D:5      | Got an iridescent mace
  4610 | D:5      | Identified the +9 mace of Currency {speed, Int+4} (You
                  | found it on level 5 of the Dungeon)
  4623 | D:5      | Found a staircase to the Ecumenical Temple.
  4633 | Temple   | Entered the Ecumenical Temple
  4777 | Temple   | Became a worshipper of Dithmenos the Shadowed
  4833 | D:5      | Reached XP level 7. HP: 46/47 MP: 8/8
  4991 | D:5      | Found a white marble altar of Elyvilon.
  4991 | D:5      | Found a basalt altar of Yredelemnul.
  4991 | D:5      | Found a blossoming altar of Fedhas.
  4991 | D:5      | Found an ornate altar of the Wu Jian Council.
  5622 | D:6      | Noticed a two-headed ogre
  5797 | D:6      | Reached skill level 5 in Dodging
  6237 | D:6      | Slain by a gnoll

Skill      XL: |  1  2  3  4  5  6  7 |
---------------+----------------------+-----
Stealth        | 3 4 5 |  5.9
Dodging        | 2 3 4 5 |  5.2
Fighting       | 3 4 |  4.2
Short Blades   | 2 3 |  3.7
Throwing       | |  1.0
Spellcasting   | |  1.0
Fire Magic     | |  2.0

Action                   |  1- 3 |  4- 6 |  7- 9 || total
-------------------------+-------+-------+-------++-------
Melee: Short sword       |    51 |    99 |    46 ||   196
       Dagger            |     4 |       |       ||     4
       Constrict         |     7 |    19 |    12 ||    38
       Tentacles         |     5 |    17 |     6 ||    28
 Fire: Blowgun           |       |    46 |    12 ||    58
Throw: Stone             |       |     8 |       ||     8
  Use: Scroll            |       |     5 |     1 ||     6
 Stab: Sleeping          |    11 |     9 |     4 ||    24
  Eat: Chunk             |     1 |    10 |     1 ||    12
       Ration            |       |       |     1 ||     1
Armor: Skin              |     5 |     9 |       ||    14
Dodge: Dodged            |    24 |    78 |    34 ||   136
